 Dungeon Crawl Stone Soup version 0.26-a0-649-gf8c6c3aab7 (webtiles) character file.

Game seed: 15724863369679393866

119 Drevant2 the Changer (level 4, 0/35 HPs)
             Began as a Draconian Transmuter on Sept 27, 2020.
             Slain by a worm (9 damage)
             ... on level 3 of the Dungeon.
             The game lasted 00:06:11 (2697 turns).

Drevant2 the Changer (Draconian Transmuter)         Turns: 2697, Time: 00:06:11

Health: 0/35       AC:  5    Str: 13    XL:     4   Next: 74%
Magic:  6/7        EV: 13    Int: 13    God:
Gold:   108        SH:  0    Dex: 12    Spells: 6/7 levels left

rFire    . . .     SeeInvis .     - Unarmed
rCold    . . .     Faith    .   (no shield)
rNeg     . . .     Spirit   .   (armour unavailable)
rPois    .         Reflect  .   (helmet currently unavailable)
rElec    .         Harm     .   (no cloak)
rCorr    .         Rampage  .   (no gloves)
MR       .....                  (boots currently unavailable)
Stlth    +.........             (no amulet)
HPRegen  0.11/turn              (no ring)
MPRegen  0.10/turn              (no ring)

@: appendages
A: unfitting armour, horns 2, talons 2, cold-blooded, AC +5
a: End Transformation


You were on level 3 of the Dungeon.
You had grown temporary horns.
You had grown temporary talons.
You visited 1 branch of the dungeon, and saw 3 of its levels.

You collected 108 gold pieces.

Inventory:

Armour
 d - a +0 cloak
Scrolls
 a - 3 scrolls of identify {unknown}
 b - a scroll of random uselessness
 g - 2 scrolls of enchant armour {unknown}
 h - 2 scrolls of blinking {unknown}
 k - 2 scrolls of teleportation
 m - a scroll of enchant weapon {unknown}
 n - 2 scrolls of fear
Potions
 c - a potion of curing {unknown}
 e - 3 potions of degeneration {unknown}
 f - a potion of flight {unknown}
 i - 3 potions of haste {unknown}
 j - a potion of ambrosia {unknown}
 l - 2 potions of berserk rage {unknown}


   Skills:
 - Level 1.1 Fighting
 + Level 2.6 Dodging
 + Level 3.7 Unarmed Combat
 - Level 2.0 Spellcasting
 * Level 3.8 Transmutations


You had 6 spell levels left.
You knew the following spells:

 Your Spells              Type           Power        Failure   Level
a - Beastly Appendage     Tmut           ##....       5%          1

Your spell library contained the following spells:

 Spells                   Type           Power        Failure   Level
 Wereblood                Tmut           ##......     8%          2
 Spider Form              Tmut/Pois      #.........   34%         3
 Ice Form                 Ice/Tmut       #.......     75%         4
 Blade Hands              Tmut           ##........   82%         5


Dungeon Overview and Level Annotations

Branches:
Dungeon (3/15)

Altars:
Ru
Sif Muna
Vehumet
Wu Jian


Innate Abilities, Weirdness & Mutations

Your plain brown scales are hard. (AC +5)
You cannot fit into any form of body armour.
You are cold-blooded and may be slowed by cold attacks.
You have a pair of horns on your head.
You have razor-sharp toenails.


Message History

The worm bites you!
You hit the worm but do no damage.
You headbutt the worm, but do no damage.
You hit the worm but do no damage. You claw the worm.
The worm is lightly wounded.
The worm bites you!
You hit the worm.
The worm is moderately wounded.
You completely miss the worm. You claw the worm.
The worm is heavily wounded.
The worm bites you!
* * * LOW HITPOINT WARNING * * *
You are too injured to fight recklessly!
You are too injured to fight recklessly!
You punch the worm! Your headbutt misses the worm.
The worm is almost dead.
You barely miss the worm. You claw the worm, but do no damage.
The worm is almost dead.
The worm bites you!
You die...

.........#.#.>....##
.........#.#.#......
.............###....
.........#..........
.........#........##
###..........#... ##
##.###..##.##...
##..###..# ##..#.##...
#...w@..######.#.##...
......#####
#........... ....#
#........#.. ...
#........##. #
#........###
##########


You could see a worm.

Vanquished Creatures
  5 adders
  A worm (D:2)
  6 dart slugs
  A leopard gecko (D:1)
  3 orcs (D:3)
  4 giant cockroaches
  10 goblins
  8 hobgoblins
  A quokka (D:2)
  2 ball pythons
  5 bats
  2 frilled lizards (D:2)
  2 kobolds
  A leopard gecko skeleton (D:3)
  5 rats
56 creatures vanquished.

Notes
Turn   | Place    | Note
-------+----------+-------------------------------------------
     0 | D:1      | Drevant2 the Draconian Transmuter began the quest for the
                  | Orb.
     0 | D:1      | Reached XP level 1. HP: 16/16 MP: 3/3
   135 | D:1      | Reached XP level 2. HP: 23/23 MP: 5/5
   665 | D:2      | Reached XP level 3. HP: 25/28 MP: 4/6
   788 | D:2      | Noticed an ogre
  1410 | D:2      | Found a sacrificial altar of Ru.
  1412 | D:2      | Found an ornate altar of the Wu Jian Council.
  1535 | D:2      | Reached XP level 4. HP: 23/35 MP: 5/7
  2348 | D:3      | Found a radiant altar of Vehumet.
  2565 | D:3      | Found a shimmering blue altar of Sif Muna.
  2697 | D:3      | Slain by a worm

Illustrated notes

Levels and vault maps discovered:
D:1:      saegor_arrival_simple_c, layout_rooms
D:2:      layout_basic, chequers_temple_overflow_statue_of_worship,
          minmay_increasing_density
D:3:      layout_rooms, lemuel_blue_sif_altar, vehumet_crystals

Skill      XL: |  1  2  3 |
---------------+----------+-----
Dodging        | 2 |  2.6
Transmutations | 3 |  3.8
Fighting       | |  1.1
Unarmed Combat | |  3.7
Spellcasting   | |  2.0

Action                   |  1- 3 |  4- 6 || total
-------------------------+-------+-------++-------
Melee: Unarmed           |   106 |    58 ||   164
       Headbutt          |     7 |     7 ||    14
       Kick              |    12 |    11 ||    23
       Tailslap          |     9 |     9 ||    18
       Punch             |     1 |     1 ||     2
 Cast: Beastly Appendage |    10 |     6 ||    16
  Use: Scroll            |     3 |     1 ||     4
 Stab: Sleeping          |     1 |       ||     1
Armor: Skin              |    34 |     9 ||    43
Dodge: Dodged            |    73 |    21 ||    94

Table legend: (Time is in decaauts)
 A = Elapsed time spent in this place.
 B = Non-inter-level travel time spent in this place.
 C = Inter-level travel time spent in this place.
 D = Time resting spent in this place.
 E = Time spent auto-exploring this place.
 F = Levels seen in this place.
 G = Mean time per level.
                   A        B        C        D        E       F      G
               +--------+--------+--------+--------+--------+-----+--------+
         Total |   2686 |   2256 |    430 |    554 |   1201 |   3 |  895.3 |
       Dungeon |   2686 |   2256 |    430 |    554 |   1201 |   3 |  895.3 |
               +--------+--------+--------+--------+--------+-----+--------+

Top non-repeatable levels by time:
     D:2: 1435 daAuts
     D:3: 743 daAuts
     D:1: 507 daAuts
